 Dungeon Crawl Stone Soup version 0.26-a0-597-gb535b0901c (webtiles) character file.

Game seed: 14955549358692828569

3869 Alarkh the Martial Artist (level 10, 65/65 HPs)
             Began as a Demonspawn Gladiator on Sept 12, 2020.
             Got out of the dungeon alive.
             The game lasted 00:07:19 (6659 turns).

Alarkh the Martial Artist (Demonspawn Gladiator)    Turns: 6659, Time: 00:07:19

Health: 65/65      AC:  9    Str: 14    XL:     10   Next: 0%
Magic:  10/10      EV: 13    Int: 12    God:
Gold:   392        SH:  0    Dex: 22    Spells: 9/9 levels left

rFire    . . .     SeeInvis .     - Unarmed
rCold    + + .     Faith    .   (no shield)
rNeg     + . .     Spirit   .   d - +3 leather armour {rC+}
rPois    .         Reflect  .   b - +1 helmet
rElec    .         Harm     .   x - scarf {repulsion}
rCorr    .                      (no gloves)
MR       .....                  (no boots)
Stlth    +.........             f - amulet of magic regeneration
HPRegen  0.20/turn              y - +6 ring of dexterity
MPRegen  0.37/turn              m - ring of positive energy

@: repel missiles
A: hooves 2, rugged brown scales 1, cold resistance 1, frail 1, screaming 1,
spiny 1, rot immunity
a: no special abilities


You escaped.
You visited 2 branches of the dungeon, and saw 9 of its levels.

You collected 392 gold pieces.

Inventory:

Missiles
 c - 5 throwing nets (quivered)
Armour
 a - a +0 leather armour
 b - a +1 helmet (worn)
 d - a +3 leather armour of cold resistance (worn)
 o - a +0 cloak
 x - a scarf of repulsion (worn)
Jewellery
 f - an amulet of magic regeneration (around neck)
 m - a ring of positive energy (right hand)
 r - an uncursed ring of resist corrosion
 u - an uncursed ring of ice
 y - a +6 ring of dexterity (left hand)
Wands
 g - a wand of disintegration (13)
 p - a wand of random effects (15)
 q - a wand of enslavement (11)
Scrolls
 e - 3 scrolls of enchant weapon
 h - 4 scrolls of fear
 i - a scroll of blinking {unknown}
 j - 2 scrolls of fog {unknown}
 k - 5 scrolls of amnesia {unknown}
 l - a scroll of enchant armour
 n - 2 scrolls of identify {unknown}
 s - 4 scrolls of remove curse {unknown}
 t - 2 scrolls of noise {unknown}
 z - 2 scrolls of teleportation {unknown}
Potions
 v - a potion of ambrosia {unknown}
 w - a potion of degeneration {unknown}
 A - a potion of might


   Skills:
 + Level 3.1 Fighting
 - Level 1.7 Throwing
 - Level 2.6 Dodging
 * Level 12.9 Unarmed Combat


You had 9 spell levels left.
You didn't know any spells.
Your spell library contained the following spells:

 Spells                   Type           Power        Failure   Level
 Foxfire                  Conj/Fire      #...         38%         1
 Sandblast                Erth           #.....       38%         1
 Summon Small Mammal      Summ           #...         38%         1
 Call Imp                 Summ           #.......     54%         2
 Conjure Flame            Conj/Fire      #.......     77%         3
 Inner Flame              Hex/Fire       #.......     77%         3
 Sticky Flame             Conj/Fire      #.......     99%         4
 Bolt of Magma            Conj/Fire/Erth #.........   100%        5
 Fireball                 Conj/Fire      #.........   100%        5
 Summon Mana Viper        Hex/Summ       #.......     100%        5
 Shadow Creatures         Summ           N/A          100%        6


Dungeon Overview and Level Annotations

Branches:
Dungeon (8/15)             Temple (1/1) D:5
   Lair: D:8-11

Altars:
Ashenzari
Cheibriados
Dithmenos
Elyvilon
Fedhas
Gozag
Hepliaklqana
Kikubaaqudgha
Nemelex Xobeh
Okawaru
Qazlal
Ru
Sif Muna
Trog
Vehumet
Wu Jian
Xom
Yredelemnul


Innate Abilities, Weirdness & Mutations

You have hoof-like feet.
You are partially covered in rugged brown scales. (AC +1, +3% HP)
You are partially covered in sharp spines.
You are immune to rotting.
Your flesh is cold resistant. (rC+)
You are frail. (-10% HP)
You occasionally shout uncontrollably at your foes.


Message History

There is a stone staircase leading down here.
HP restored.
There is a stone staircase leading up here.
You climb upwards.
There is a stone staircase leading down here.
There is a stone staircase leading up here.
You climb upwards.
There is a stone staircase leading down here.
You see here a robe.
There is a sparkling altar of Nemelex Xobeh here.
There is a stone staircase leading up here.
You climb upwards.
There is a stone staircase leading down here.
There is a stone staircase leading up here.
You climb upwards.
There is a stone staircase leading down here.
HP restored.
There is a staircase leading out of the dungeon here.
Are you sure you want to leave the Dungeon?
This will make you lose the game!
You have escaped!

.(..###......### ##.##..##....
............######## #.###.###...
###.##....(.##.....###..##.##....
###..#.#...##.......+##.##.#.....
..#....#..#+.........##..#.#(....
.....##..##...........##.#......(
>..#....##.............####......
.......###.......[......###......
...#............@...........#....
..>##...##..............##.......
....#..###.............#+.....)..
###.....###...........####....รท..
#.....###+.........## ##..(...
#.##.....##.......## #......
###.##......##.....###### ##.....
..#.###..#...#######....####...(.
....####.#....#########...###....


There were no monsters in sight!

Vanquished Creatures
  Harold (D:7)
  A hippogriff (D:7)
  Sigmund (D:6)
  Eustachio (D:4)
  Edmund (D:4)
  2 black bears (D:6)
  An ice beast (D:6)
  A sky beast (D:7)
  3 phantoms
  2 ogres
  5 centaurs
  Blork the orc (D:4)
  A bullfrog (D:6)
  5 killer bees (D:8)
  A water moccasin skeleton (D:6)
  4 wights (D:6)
  A bullfrog zombie (D:5)
  3 hounds
  A jelly (D:8)
  A bullfrog skeleton (D:7)
  An orc priest (D:4)
  Crazy Yiuf (D:4)
  7 orc wizards
  A centaur skeleton (D:8)
  An iguana (D:4)
  3 worker ants
  A hound skeleton (D:6)
  3 gnolls (D:2)
  8 adders
  3 shadow imps
  A white imp (D:6)
  An ufetubus (D:6)
  An ooze (D:2)
  2 adder zombies
  4 worms (D:3)
  A dart slug (D:1)
  3 leopard geckos
  21 orcs
  A ball python (D:2)
  4 giant cockroaches
  11 hobgoblins
  4 jackals
  6 quokkas
  8 bats
  4 frilled lizards
  8 goblins
  7 kobolds
  A leopard gecko skeleton (D:5)
  A leopard gecko zombie (D:6)
  A quokka skeleton (D:6)
  4 rats
160 creatures vanquished.

Vanquished Creatures (others)
  19 plants (D:5)
19 creatures vanquished.

Grand Total: 179 creatures vanquished

Notes
Turn   | Place    | Note
-------+----------+-------------------------------------------
     0 | D:1      | Alarkh the Demonspawn Gladiator began the quest for the
                  | Orb.
     0 | D:1      | Reached XP level 1. HP: 16/16 MP: 1/1
    52 | D:1      | Reached skill level 3 in Unarmed Combat
   282 | D:1      | Gained mutation: You are partially covered in sharp spines.
                  | [demonic ancestry]
   282 | D:1      | Reached XP level 2. HP: 20/22 MP: 2/2
   682 | D:2      | Gained mutation: You are partially covered in rugged brown
                  | scales. (AC +1, +3% HP) [demonic ancestry]
   682 | D:2      | Reached XP level 3. HP: 19/27 MP: 3/3
   965 | D:2      | Reached skill level 4 in Unarmed Combat
  1228 | D:2      | Found a faded altar of an unknown god.
  1312 | D:2      | Gained mutation: You have large cloven feet. [demonic
                  | ancestry]
  1312 | D:2      | Reached XP level 4. HP: 33/33 MP: 4/4
  1727 | D:3      | Found a basalt altar of Yredelemnul.
  1791 | D:3      | Reached skill level 5 in Unarmed Combat
  1860 | D:3      | Found an iron altar of Okawaru.
  1931 | D:3      | Reached XP level 5. HP: 39/39 MP: 5/5
  1946 | D:3      | Found a sparkling altar of Nemelex Xobeh.
  2354 | D:4      | Noticed a phantom
  2390 | D:4      | Killed a phantom
  2390 | D:4      | Reached skill level 6 in Unarmed Combat
  2390 | D:4      | Reached XP level 6. HP: 20/45 MP: 6/6
  2573 | D:4      | Found a blossoming altar of Fedhas.
  2699 | D:4      | Noticed Blork the orc
  2706 | D:4      | Killed Blork the orc
  2760 | D:4      | Found a runed translucent door.
  2761 | D:4      | Noticed Crazy Yiuf
  2823 | D:4      | Reached skill level 7 in Unarmed Combat
  2914 | D:4      | Reached XP level 7. HP: 26/51 MP: 7/7
  2916 | D:4      | Noticed Eustachio
  2933 | D:4      | Killed Eustachio
  2957 | D:4      | HP: 2/51 [poisoned by Eustachio]
  2965 | D:4      | HP: 2/51 [poisoned by Eustachio]
  3220 | D:4      | Noticed Edmund
  3226 | D:4      | Killed Edmund
  3226 | D:4      | Reached skill level 8 in Unarmed Combat
  3433 | D:4      | Gained mutation: You occasionally shout uncontrollably at
                  | your foes. [potion of mutation]
  3433 | D:4      | Gained mutation: You are frail. (-10% HP) [potion of
                  | mutation]
  3433 | D:4      | Gained mutation: Your flesh is cold resistant. (rC+)
                  | [potion of mutation]
  3433 | D:4      | Gained mutation: You have hoof-like feet. [potion of
                  | mutation]
  3438 | D:4      | Killed Crazy Yiuf
  3487 | D:5      | Entered Level 5 of the Dungeon
  3659 | D:5      | Reached skill level 9 in Unarmed Combat
  3659 | D:5      | Reached XP level 8. HP: 45/52 MP: 8/8
  3852 | D:5      | Found a staircase to the Ecumenical Temple.
  3893 | Temple   | Entered the Ecumenical Temple
  4583 | D:6      | Reached skill level 10 in Unarmed Combat
  4830 | D:6      | Reached skill level 11 in Unarmed Combat
  4830 | D:6      | Mutation became permanent: You have large cloven feet.
                  | [demonic ancestry]
  4830 | D:6      | Gained mutation: You have hoof-like feet. [demonic
                  | ancestry]
  4830 | D:6      | Reached XP level 9. HP: 46/56 MP: 9/9
  4841 | D:6      | Noticed Sigmund
  4849 | D:6      | Killed Sigmund
  5142 | D:6      | Found a shimmering altar of Xom.
  5528 | D:7      | Found an ancient bone altar of Kikubaaqudgha.
  5681 | D:7      | Identified the Catalogue of Earthen Creation
  5762 | D:7      | Noticed Harold
  5787 | D:7      | Killed Harold
  5787 | D:7      | Reached skill level 12 in Unarmed Combat
  6452 | D:8      | Gained mutation: You are immune to rotting. [demonic
                  | ancestry]
  6452 | D:8      | Reached XP level 10. HP: 40/65 MP: 10/10
  6659 | D:$      | Got out of the dungeon alive.

Illustrated notes

Levels and vault maps discovered:
D:1:      lemuel_arrival_rhombus, layout_rooms
D:2:      layout_rooms, chequers_ecumenical_altar_simple
D:3:      layout_loops_ring, okawaru_altar_gauntlet_db, lemuel_crystal_altar,
          nemelex_xobeh_ov_fountains_minmay,
          wander_ebering_terrifying_dragon_lair
D:4:      layout_loops_ring, fedhas_altar_3, uniq_crazy_yiuf_cottage,
          uniq_eustachio, uniq_edmund, uniq_blork_the_orc
D:5:      layout_basic, minmay_temple_entry_statues_fountains, kennysheep_boxes
D:6:      layout_basic, kennysheep_mini, uniq_sigmund
D:7:      layout_basic, kiku_gazebo_pond_becter, uniq_harold
D:8:      layout_loops_corners, marbit_many_paths, the_bakery
Temple:   nicolae_temple_figure_eight

Skill      XL: |  1  2  3  4  5  6  7  8  9 |
---------------+----------------------------+-----
Unarmed Combat | 3 4 5 6 7 9 11 12 | 12.9
Fighting       | 3 |  3.1
Throwing       | |  1.7
Dodging        | |  2.6

Action                   |  1- 3 |  4- 6 |  7- 9 | 10-12 || total
-------------------------+-------+-------+-------+-------++-------
Melee: Unarmed           |    71 |   136 |   246 |       ||   453
       Kick              |       |    39 |    73 |       ||   112
       Punch             |       |     4 |    15 |       ||    19
Throw: Throwing net      |       |       |     3 |       ||     3
  Use: Potion            |     3 |     1 |     5 |       ||     9
       Scroll            |     4 |       |       |       ||     4
 Stab: Held in net/web   |       |       |     1 |       ||     1
       Sleeping          |       |       |     1 |       ||     1
Armor: Leather armour    |     9 |    39 |    69 |       ||   117
       Skin              |    14 |       |    18 |       ||    32
Dodge: Dodged            |    39 |    69 |   124 |       ||   232

Table legend: (Time is in decaauts)
 A = Elapsed time spent in this place.
 B = Non-inter-level travel time spent in this place.
 C = Inter-level travel time spent in this place.
 D = Time resting spent in this place.
 E = Time spent auto-exploring this place.
 F = Levels seen in this place.
 G = Mean time per level.
                   A        B        C        D        E       F      G
               +--------+--------+--------+--------+--------+-----+--------+
         Total |   6604 |   6126 |    478 |   1200 |   4026 |   9 |  733.8 |
       Dungeon |   6404 |   5938 |    466 |   1200 |   3839 |   8 |  800.5 |
        Temple |    199 |    187 |     12 |      0 |    187 |   1 |  199.0 |
               +--------+--------+--------+--------+--------+-----+--------+

Top non-repeatable levels by time:
     D:4: 1156 daAuts
     D:6: 913 daAuts
     D:5: 896 daAuts
     D:1: 896 daAuts
     D:3: 794 daAuts
     D:7: 732 daAuts
     D:2: 701 daAuts
     D:8: 314 daAuts
  Temple: 199 daAuts
